cohdb
Replays
Latest Replays
All Replays
Popular Replays
Top Player Replays
Match Explorer
How It Works
Community
CoH3 Stats
Reddit
Sign in to upload your games and track your stats! →
Sign in with Steam
Match 45754673
Unlisted
Match 45754673
Overview
Messages
Build Orders
End
Panzerpioneer Squad
Panzerpioneer Squad
Selects Panzerjäger Kommand Battlegroup
250 Light Carrier
Construct Light Support Kompanie
Combat Half-tracks
Panzerjäger Squad
Selects GrB 39 Grenade Launcher Requisition
Fire Support Elements
Vehicle Survival Package
Panzerjäger Mechanized Group
2.5-tonne Medical Truck
Flakvierling Half-track
Construct Panzerarmee Kommand
Selects Mine Fields
Selects Early Warning
Panzer III L Medium Tank
Rapid Advance
Emergency Repair Kits
Walking Stuka Rocket Launcher
Selects Butterfly Bomb Drop
Armored Reserves
Pak 38 Mechanized Group
Butterfly Bomb Drop
Butterfly Bomb Drop
Tiger Heavy Tank
Selects Crew Shock Tactics
Butterfly Bomb Drop
Flak 36 Anti-tank Gun Team
Butterfly Bomb Drop
Panzer IV Assault Group
Selects Anti-tank Overwatch
Anti-tank Overwatch
Tiger Heavy Tank
Anti-tank Overwatch
UH|dun! ツ
UH|ck
Ramonas
misterkiler
0
0
Comments
sign in to comment!
No comments posted yet!